 Dungeon Crawl Stone Soup version 0.21.1-1-g345015f (webtiles) character file.

301 wilfster70 the Magician (level 6, -1/48 HPs)
             Began as a Gnoll Wizard on June 14, 2018.
             Slain by an orc warrior
             ... wielding a +1 short sword of draining
              (7 damage)
             ... on level 3 of the Dungeon.
             The game lasted 00:14:56 (3594 turns).

wilfster70 the Magician (Gnoll Wizard)              Turns: 3594, Time: 00:14:57

Health: -1/48      AC:  6    Str:  9    XL:     6   Next: 37%
Magic:  8/16       EV: 14    Int: 23    God:
Gold:   134        SH:  0    Dex: 15    Spells: 8/19 levels left

rFire    . . .     SeeInvis .   a - +2 spear (venom)
rCold    . . .     Gourm    +   (no shield)
rNeg     + . .     Faith    .   n - +0 robe
rPois    .         Spirit   .   f - +0 hat
rElec    .         Reflect  .   (no cloak)
rCorr    .         Harm     .   (no gloves)
MR       .....     Rnd*Tele +   s - +1 pair of boots
Stlth    ++........             v - amulet of the gourmand
HPRegen  0.16/turn              w - ring of positive energy
MPRegen  0.15/turn              y - ring of teleportation (curse)

@: drained
A: distributed training, fangs 1, molten scales 1, agile 1, robust 1, strong
nose
a: no special abilities


You were on level 3 of the Dungeon.
You were full.

You visited 1 branch of the dungeon, and saw 4 of its levels.

You collected 134 gold pieces.

Inventory:

Hand Weapons
 a - a +2 spear of venom (weapon)
 b - a +0 hunting sling
Missiles
 e - 170 stones (quivered)
Armour
 f - a +0 hat (worn)
 n - a +0 robe (worn)
 s - a +1 pair of boots (worn)
Jewellery
 v - an amulet of the gourmand (around neck)
 w - a ring of positive energy (left hand)
 y - a cursed ring of teleportation (right hand)
Scrolls
 g - 2 scrolls of identify
 h - a scroll of immolation {unknown}
 i - a scroll of random uselessness {unknown}
 q - a scroll of remove curse {unknown}
 u - 2 scrolls of teleportation {unknown}
 x - a scroll of enchant armour {unknown}
 z - 2 scrolls of amnesia {unknown}
Potions
 j - 2 potions of might {unknown}
 k - 2 potions of invisibility {unknown}
 l - a potion of heal wounds {unknown}
 m - 2 potions of curing {unknown}
 o - a potion of haste {unknown}
 p - a potion of mutation
 r - a potion of brilliance {unknown}
 t - a potion of flight {unknown}
Books
 c - a book of Minor Magic

   Spells                             Type                      Level
   a - Magic Dart                     Conjuration                  1
   b - Blink                          Translocation                2
   c - Call Imp                       Summoning                    2
   d - Slow                           Hexes                        2
   e - Conjure Flame                  Conjuration/Fire             3
   f - Mephitic Cloud                 Conjuration/Poison/Air       3
Comestibles
 d - 4 rations


   Skills:
 + Level 1.9(1.0) Fighting
 + Level 1.9(1.0) Short Blades
 + Level 1.9(1.0) Long Blades
 + Level 1.9(1.0) Axes
 + Level 1.9(1.0) Maces & Flails
 + Level 1.9(1.0) Polearms
 + Level 1.9(1.0) Staves
 + Level 1.9(1.0) Slings
 + Level 1.9(1.0) Bows
 + Level 1.9(1.0) Crossbows
 + Level 1.9(1.0) Throwing
 + Level 1.9(1.0) Armour
 + Level 4.9(4.0) Dodging
 + Level 4.5(3.6) Stealth
 + Level 1.9(1.0) Shields
 + Level 1.9(1.0) Unarmed Combat
 + Level 7.4(6.3) Spellcasting
 + Level 2.6(1.7) Conjurations
 + Level 1.5(0.6) Hexes
 + Level 1.5(0.6) Charms
 + Level 2.6(1.7) Summonings
 + Level 1.5(0.6) Necromancy
 + Level 2.6(1.7) Translocations
 + Level 1.5(0.6) Transmutations
 + Level 1.5(0.6) Fire Magic
 + Level 1.5(0.6) Ice Magic
 + Level 1.5(0.6) Air Magic
 + Level 1.5(0.6) Earth Magic
 + Level 1.5(0.6) Poison Magic
 + Level 2.1(1.2) Invocations
 + Level 1.9(1.0) Evocations


You had 8 spell levels left.
You knew the following spells:

 Your Spells              Type           Power        Failure   Level  Hunger
a - Magic Dart            Conj           ###.         4%          1    None
b - Blink                 Tloc           N/A          6%          2    None
c - Conjure Flame         Conj/Fire      ##......     16%         3    #......
d - Mephitic Cloud        Conj/Pois/Air  ##......     16%         3    #......
g - Call Imp              Summ           ###.....     6%          2    None


Dungeon Overview and Level Annotations

Branches:
Dungeon (4/15)
 Temple: D:4-7

Altars:
Okawaru
Uskayaw
Wu Jian


Innate Abilities, Weirdness & Mutations

Your experience applies equally to all skills.
You have very sharp teeth.
Your uncanny sense of smell can sniff out nearby items.
You are partially covered in molten scales. (AC +2)
You are agile. (Dex +2)
You are robust. (+10% HP)


Message History

Aim: an orc warrior, wielding a short sword of draining and wearing a plate armour The magic dart hits the orc warrior.
The worker ant moves out of view.
The orc warrior hits you with a short sword of draining!!
You partially resist.
You feel drained.
You hear a shout!
An orc priest comes into view. It is wielding a club.
You hear an angry hiss.
The orc warrior hits you with a short sword of draining!
You partially resist.
You feel drained.
The orc priest moves out of view.
You climb upwards.
There is a stone staircase leading down here.
Casting: Magic Dart
Confirm with . or Enter, or press ? or * to list all spells.
A beastly little devil appears in a puff of flame.
The orc warrior hits you with a short sword of draining!
* * * LOW HITPOINT WARNING * * *
You partially resist.
You feel drained.
* * * LOW HITPOINT WARNING * * *
The orc warrior hits you with a short sword of draining!
You die...

..##.#..............###########.#
..##.##.####.....................
.................#..#############
.................#..#####
.)...............#......#
.................#......#
.................##########
.......######..o.#####....#
................@'..##.##.#
####.#####.......##.##.##.# ...
#....5..##.##.##.# ....
#....#####.##.##.#
#....#####.##.##.#######
...............##........
##############.#####..####.#
#..........# #.# #..#.##.#
#..........###.# #..#.##.#


You could see an orc warrior and a friendly crimson imp.

Vanquished Creatures
  An ice beast (D:3)
  An iguana (D:3)
  A worker ant (D:3)
  6 adders
  2 gnolls (D:2)
  An ooze (D:2)
  A dart slug (D:2)
  A leopard gecko (D:3)
  2 orcs (D:3)
  3 ball pythons
  2 giant cockroaches
  6 hobgoblins
  10 jackals
  9 bats
  8 frilled lizards
  7 goblins
  15 kobolds
  6 rats
82 creatures vanquished.

Notes
Turn   | Place    | Note
-------+----------+-------------------------------------------
     0 | D:1      | wilfster70 the Gnoll Wizard began the quest for the Orb.
     0 | D:1      | Reached XP level 1. HP: 13/13 MP: 8/8
   172 | D:1      | Reached XP level 2. HP: 19/19 MP: 8/10
   176 | D:1      | Learned a level 2 spell: Blink
   179 | D:1      | Learned a level 2 spell: Call Imp
   805 | D:1      | Reached XP level 3. HP: 25/25 MP: 5/11
   811 | D:1      | Learned a level 3 spell: Conjure Flame
   815 | D:1      | Learned a level 3 spell: Mephitic Cloud
  1191 | D:2      | Reached skill level 1 in Invocations
  1281 | D:2      | Reached skill level 1 in Fighting
  1281 | D:2      | Reached skill level 1 in Short Blades
  1281 | D:2      | Reached skill level 1 in Long Blades
  1281 | D:2      | Reached skill level 1 in Axes
  1281 | D:2      | Reached skill level 1 in Maces & Flails
  1281 | D:2      | Reached skill level 1 in Polearms
  1281 | D:2      | Reached skill level 1 in Staves
  1281 | D:2      | Reached skill level 1 in Slings
  1281 | D:2      | Reached skill level 1 in Bows
  1281 | D:2      | Reached skill level 1 in Crossbows
  1281 | D:2      | Reached skill level 1 in Throwing
  1281 | D:2      | Reached skill level 1 in Armour
  1281 | D:2      | Reached skill level 1 in Shields
  1281 | D:2      | Reached skill level 1 in Unarmed Combat
  1281 | D:2      | Reached skill level 1 in Evocations
  1377 | D:2      | Reached XP level 4. HP: 29/32 MP: 7/13
  1864 | D:2      | Found an ornate altar of the Wu Jian Council.
  1929 | D:2      | Reached skill level 1 in Hexes
  1929 | D:2      | Reached skill level 1 in Charms
  1929 | D:2      | Reached skill level 1 in Necromancy
  1929 | D:2      | Reached skill level 1 in Transmutations
  1929 | D:2      | Reached skill level 1 in Fire Magic
  1929 | D:2      | Reached skill level 1 in Ice Magic
  1929 | D:2      | Reached skill level 1 in Air Magic
  1929 | D:2      | Reached skill level 1 in Earth Magic
  1929 | D:2      | Reached skill level 1 in Poison Magic
  2029 | D:2      | Found a hide-covered altar of Uskayaw.
  2178 | D:2      | Reached XP level 5. HP: 37/37 MP: 10/14
  2627 | D:3      | Found an iron altar of Okawaru.
  2665 | D:3      | Gained mutation: Your spells are a little harder to cast, but a little more powerful. [potion of mutation]
  2665 | D:3      | Gained mutation: Your mind is acute. (Int +2) [potion of mutation]
  2666 | D:3      | Lost mutation: Your mind is acute. (Int +2) [potion of mutation]
  2666 | D:3      | Lost mutation: Your spells are a little harder to cast, but a little more powerful. [potion of mutation]
  2666 | D:3      | Gained mutation: You are robust. (+10% HP) [potion of mutation]
  2666 | D:3      | Lost mutation: You are robust. (+10% HP) [potion of mutation]
  2666 | D:3      | Gained mutation: Your magical capacity is low. (-10% MP) [potion of mutation]
  2666 | D:3      | Gained mutation: You are robust. (+10% HP) [potion of mutation]
  2667 | D:3      | Lost mutation: Your magical capacity is low. (-10% MP) [potion of mutation]
  2667 | D:3      | Gained mutation: You are weak. (Str -2) [potion of mutation]
  2667 | D:3      | Gained mutation: Your flesh is heat resistant. (rF+) [potion of mutation]
  2667 | D:3      | Gained mutation: You are dopey. (Int -2) [potion of mutation]
  2667 | D:3      | Gained mutation: You are partially covered in molten scales. (AC +2) [potion of mutation]
  2668 | D:3      | Lost mutation: You are weak. (Str -2) [potion of mutation]
  2668 | D:3      | Lost mutation: You are dopey. (Int -2) [potion of mutation]
  2668 | D:3      | Lost mutation: Your flesh is heat resistant. (rF+) [potion of mutation]
  2668 | D:3      | Lost mutation: You are robust. (+10% HP) [potion of mutation]
  2668 | D:3      | Gained mutation: You are robust. (+10% HP) [potion of mutation]
  2668 | D:3      | Gained mutation: You are dopey. (Int -2) [potion of mutation]
  2668 | D:3      | Gained mutation: You are agile. (Dex +2) [potion of mutation]
  2668 | D:3      | Lost mutation: You are dopey. (Int -2) [potion of mutation]
  3008 | D:3      | Noticed an ice beast
  3030 | D:3      | Killed an ice beast
  3030 | D:3      | Reached XP level 6. HP: 31/48 MP: 0/16
  3584 | D:4      | Noticed an orc warrior
  3594 | D:3      | Slain by an orc warrior

Skill      XL: |  1  2  3  4  5 |
---------------+----------------+-----
Conjurations   | 2 |  2.6
Summonings     | 2 |  2.6
Translocations | 2 |  2.6
Invocations    | 1 2 |  2.1
Fighting       | 1 |  1.9
Short Blades   | 1 |  1.9
Long Blades    | 1 |  1.9
Axes           | 1 |  1.9
Maces & Flails | 1 |  1.9
Polearms       | 1 |  1.9
Staves         | 1 |  1.9
Slings         | 1 |  1.9
Bows           | 1 |  1.9
Crossbows      | 1 |  1.9
Throwing       | 1 |  1.9
Armour         | 1 |  1.9
Shields        | 1 |  1.9
Unarmed Combat | 1 |  1.9
Evocations     | 1 |  1.9
Hexes          | 1 |  1.5
Charms         | 1 |  1.5
Necromancy     | 1 |  1.5
Transmutations | 1 |  1.5
Fire Magic     | 1 |  1.5
Ice Magic      | 1 |  1.5
Air Magic      | 1 |  1.5
Earth Magic    | 1 |  1.5
Poison Magic   | 1 |  1.5
Dodging        | |  4.9
Stealth        | |  4.5
Spellcasting   | |  7.4

Action                   |  1- 3 |  4- 6 || total
-------------------------+-------+-------++-------
Melee: Unarmed           |       |     3 ||     3
       Short sword       |       |     1 ||     1
       Spear             |       |     3 ||     3
 Cast: Magic Dart        |    76 |   142 ||   218
       Call Imp          |       |     1 ||     1
  Use: Scroll            |       |     2 ||     2
       Potion            |       |     4 ||     4
  Eat: Chunk             |     1 |    14 ||    15
Armor: Robe              |     6 |    19 ||    25
Dodge: Dodged            |    25 |    50 ||    75
